 Dungeon Crawl Stone Soup version 0.29.1-15-g9cfb28693d (webtiles) character file.

Game seed: 15834468162080483225

3508 croobank the Covert (level 10, -2/102 HPs)
             Began as an Octopode Delver on Mar 15, 2023.
             Slain by a hellwing (6 damage)
             ... on level 7 of the Dungeon.
             The game lasted 00:27:05 (10496 turns).

croobank the Covert (Octopode Delver)              Turns: 10496, Time: 00:27:06

Health: -2/102     AC: 25    Str: 13    XL:     10   Next: 7%
Magic:  15/18      EV:  2    Int: 16    God:
Gold:   407        SH:  0    Dex: 13    Spells: 16/20 levels left

rFire   + + .      SeeInvis .   y - +3 short sword (speed)
rCold   . . .      Faith    .   (no shield)
rNeg    . . .      Spirit   .   (helmet currently unavailable)
rPois   +          Reflect  .   (no amulet)
rElec   .          Harm     .   n - ring of protection from fire
rCorr   .          Rampage  .   t - ring of protection from fire
Will    .....      NoTele   +   (no ring)
Stlth   ++++......              (no ring)
HPRegen 0.27/turn               (no ring)
MPRegen 0.16/turn               (no ring)
                                (no ring)
                                (no ring)

@: mighty, tree-form (expiring)
A: stationary, stasis, torment immunity, boosted hp, almost no armour,
(amphibious), 8 rings, (camouflage 1), (gelatinous body 1), (nimble swimmer 1),
(tentacles)
a: no special abilities


You were on level 7 of the Dungeon.
You were a tree.
You visited 1 branch of the dungeon, and saw 8 of its levels.

You collected 438 gold pieces.
You spent 31 gold pieces at shops.

Inventory:

Hand Weapons
 b - a +0 sling
 c - a +2 dagger of venom
 d - a +0 vampiric quarterstaff
 i - a +1 war axe of flaming
 s - a +2 vampiric trident
 y - a +3 short sword of speed (weapon)
 D - a +2 dagger of flaming
 L - a +4 quarterstaff of chaos
 M - a +0 halberd of venom
 N - a +0 scimitar of freezing
Missiles
 f - 5 datura-tipped darts
 q - 6 atropa-tipped darts (quivered)
 F - 4 poisoned darts
Armour
 w - a +2 buckler
 A - a +2 hat (melded)
Magical Staves
 j - a staff of conjuration
 l - a staff of poison
Jewellery
 n - a ring of protection from fire (left branch)
 t - a ring of protection from fire (right branch)
Wands
 e - a wand of digging (3)
 o - a wand of paralysis (25)
 H - a wand of iceblast (6)
Scrolls
 a - a scroll of fog
 h - a scroll of brand weapon
 k - 2 scrolls of magic mapping
 r - a scroll of noise
 u - a scroll of fear
 C - 3 scrolls of teleportation
 E - a scroll of amnesia
 G - a scroll of poison
Potions
 g - 2 potions of mutation
 m - 2 potions of magic
 v - a potion of flight
 z - a potion of cancellation
 J - 3 potions of brilliance


   Skills:
 + Level 6.1 Fighting
 + Level 5.6 Dodging
 + Level 10.1 Stealth
 + Level 5.5 Unarmed Combat
 * Level 5.8 Spellcasting
 * Level 6.3 Hexes


You had 16 spell levels left.
You knew the following spells:

 Your Spells              Type           Power      Damage    Failure   Level
a - Slow                  Hex            100%       N/A       1%          1
b - Confusing Touch       Hex            25%        N/A       3%          3

Your spell library contained the following spells:

 Spells                   Type           Power      Damage    Failure   Level
 Apportation              Tloc           8%         N/A       14%         1
 Magic Dart               Conj           16%        1d3       14%         1
 Sandblast                Erth           8%         2d5       14%         1
 Call Imp                 Summ           4%         N/A       22%         2
 Passwall                 Tmut/Erth      3%         N/A       22%         2
 Mephitic Cloud           Conj/Pois/Air  4%         N/A       38%         3
 Stone Arrow              Conj/Erth      8%         3d7       38%         3
 Vampiric Draining        Necr           4%         2d6       38%         3
 Airstrike                Air            2%         2d(1-17)  80%         4
 Iskenderun's Mystic Bla  Conj/Tloc      4%         2d3       80%         4
 Petrify                  Tmut/Erth      4%         N/A       80%         4
 Summon Lightning Spire   Summ/Air       4%         N/A       80%         4
 Alistair's Intoxication  Tmut/Pois      2%         N/A       98%         5
 Blade Hands              Tmut           2%         N/A       98%         5
 Lightning Bolt           Conj/Air       2%         1d13      98%         5
 Dragon Form              Tmut           2%         N/A       100%        7


Dungeon Overview and Level Annotations

Branches:
Dungeon (8/15)
 Temple: D:4-7         Lair: D:8-11

Altars:
Hepliaklqana

Shops:
D:4 *


Innate Abilities, Weirdness & Mutations

You are a tree.
Your roots penetrate the ground, keeping you stationary.
You cannot be teleported.
You are immune to unholy pain and torment.
Your maximum health is greatly increased.
You cannot wear most types of armour.
((You are amphibious.))
You can wear up to eight rings at the same time.
((Your skin changes colour to match your surroundings (Stealth+).))
((Your rubbery body absorbs attacks. (AC +1, EV +1)))
((You are camouflaged when in or above water. (Stealth+)))
((You have tentacles for arms and can constrict up to eight enemies at once.))


Message History

You barely miss the hellwing.
The hellwing is heavily wounded.
Unknown command.
Aiming: Paralyse
Press: ? - help, Shift-Dir - straight line, f - centaur warrior skeleton
Aim: a centaur warrior skeleton (chance to affect: 54%)
The centaur warrior skeleton suddenly stops moving!
The hellwing hits you!
* * * LOW HITPOINT WARNING * * *
The hellwing hits you but does no damage.
You feel better. The hellwing hits you!
* * * LOW HITPOINT WARNING * * *
The hellwing hits you but does no damage.
Casting: Slow (safe; 1% risk of failure)
Confirm with . or Enter, or press ? or * to list all spells.
Your branches begin to glow red.
The hellwing hits you but does no damage. x2
You hit the hellwing but do no damage.
The hellwing is heavily wounded.
The hellwing hits you but does no damage.
The hellwing completely misses you.
You closely miss the hellwing.
The hellwing is heavily wounded.
The hellwing hits you but does no damage. x2
You hit the hellwing but do no damage.
The hellwing is heavily wounded.
The hellwing hits you but does no damage.
The hellwing hits you.
* * * LOW HITPOINT WARNING * * *
You hit the hellwing but do no damage.
The hellwing is heavily wounded.
You hit the hellwing but do no damage.
The hellwing is heavily wounded.
Your transformation is almost over.
The hellwing hits you but does no damage. x2
The helpless centaur warrior skeleton fails to defend itself.
You hit the centaur warrior skeleton but do no damage.
The centaur warrior skeleton appears confused.
The hellwing hits you.
You die...

...........# .8.5..
...........# .....P.
........!..# .P.8.Z #
#......=.)).# ......
#.#.......).).# ....####
...######.#### .......#
... ##..# ######.#
#.##..## .....#.#
#.4♣.## .....#.#
#.#.###Z#######
.._..#.#.#..Z...........
.....#...###.###.#######
.....#...... #.#
######.#.### #.#
.........# #.#
########## #.# #.#


You could see a hellwing and a centaur warrior skeleton (paralysed, confused).

Vanquished Creatures
  A centaur zombie (D:7)
  3 centaur skeletons (D:7)
  Sigmund (D:6)
  An ogre (D:6)
  3 black bears (D:6)
  A phantom (D:5)
  A kobold brigand (D:7)
  3 necrophages
  A bullfrog (D:6)
  6 scorpions
  3 wights (D:6)
  An electric eel (D:6)
  2 howler monkeys (D:5)
  3 orc priests
  Crazy Yiuf (D:6)
  A gnoll bouda (D:5)
  2 hounds
  5 iguanas
  An orc wizard (D:6)
  16 gnolls
  5 adders
  2 shadow imps (D:7)
  2 white imps
  2 ufetubi
  3 worms
  2 dart slugs
  20 orcs
  9 endoplasms
  6 giant cockroaches
  9 goblins
  5 hobgoblins
  4 jackals
  10 kobolds
  7 quokkas
  12 ball pythons
  6 bats
  2 frilled lizards
  9 rats
171 creatures vanquished.

Vanquished Creatures (others)
  Eustachio (D:6)
  4 fungi (D:6)
  3 withered plants (D:7)
8 creatures vanquished.

Grand Total: 179 creatures vanquished

Notes
Turn   | Place    | Note
-------+----------+-------------------------------------------
     0 | D:5      | croobank the Octopode Delver began the quest for the Orb.
     0 | D:5      | Reached XP level 1. HP: 16/16 MP: 1/1
    44 | D:5      | Noticed an orc wizard
    45 | D:5      | Noticed a necrophage
    67 | D:6      | Noticed Sigmund
    82 | D:6      | Noticed an iguana
   170 | D:6      | Noticed a bullfrog
   258 | D:6      | Killed a bullfrog
   259 | D:6      | Reached skill level 7 in Stealth
   259 | D:6      | Reached XP level 2. HP: 3/21 MP: 2/2
   259 | D:6      | Reached XP level 3. HP: 4/26 MP: 3/3
   259 | D:6      | Reached XP level 4. HP: 5/31 MP: 4/4
   908 | D:6      | Noticed Eustachio
   940 | D:6      | Killed Eustachio
   941 | D:6      | Reached XP level 5. HP: 19/37 MP: 5/5
  1325 | D:3      | Learned a level 1 spell: Slow
  1505 | D:3      | HP: 1/37 [quokka (5)]
  2185 | D:2      | Learned a level 3 spell: Confusing Touch
  2213 | D:2      | Reached XP level 6. HP: 43/43 MP: 6/6
  2983 | D:1      | Found a faded altar of an unknown god.
  3149 | D:1      | Reached skill level 1 in Hexes
  3481 | D:3      | Got the Spellbook of the Foremost Shrikes
  3960 | D:3      | You fall into a shaft and drop 1 floor!
  4147 | D:4      | Reached skill level 1 in Spellcasting
  4650 | D:3      | Reached skill level 8 in Stealth
  5314 | D:4      | Found Sailiv's Assorted Antiques.
  5319 | D:4      | Bought a scroll labelled UHIMAPRUISUZ for 31 gold pieces
  6271 | D:5      | Reached XP level 7. HP: 38/48 MP: 9/9
  6916 | D:5      | Reached XP level 8. HP: 45/54 MP: 12/12
  7799 | D:5      | Reached skill level 5 in Fighting
  8296 | D:6      | Found a runed translucent door.
  8297 | D:6      | Noticed Crazy Yiuf
  8304 | D:6      | Killed Crazy Yiuf
  8334 | D:6      | Reached skill level 9 in Stealth
  8806 | D:6      | Reached XP level 9. HP: 60/61 MP: 15/15
  9505 | D:6      | Reached skill level 5 in Hexes
  9676 | D:6      | Killed Sigmund
  9677 | D:6      | Reached skill level 5 in Dodging
  9794 | D:7      | Found a hazy altar of Hepliaklqana.
  9839 | D:7      | Reached skill level 5 in Unarmed Combat
  9858 | D:7      | Reached skill level 5 in Spellcasting
  9866 | D:7      | Noticed a hellwing
  9904 | D:7      | Reached skill level 10 in Stealth
 10324 | D:7      | Reached XP level 10. HP: 23/68 MP: 18/18
 10493 | D:7      | HP: 4/102 [hellwing (4)]
 10496 | D:7      | Slain by a hellwing

Illustrated notes

Levels and vault maps discovered:
D:1:      dpeg_arrival_pond, layout_loops_ring, ebering_ecumenical_altar_webs,
          minmay_misc_feat_rugged, chequers_serial_rivers_small_3
D:2:      layout_rooms
D:3:      kennysheep_big_flooded_room, layout_basic, portal_sewer_entry_c,
          minmay_joined_circles
D:4:      layout_basic, serial_shops, kennysheep_little_box
D:5:      layout_gridville, minmay_pentangle
D:6:      layout_basic, kennysheep_flooded_box, uniq_sigmund,
          uniq_crazy_yiuf_cottage, uniq_eustachio
D:7:      cheibrodos_grave_circle, layout_basic, amcnicky_altar_gilded,
          minmay_temple_entry_fiery, uniq_menkaure
D:8:      layout_loops_ring, grunt_temple_overflow_cloverleaf,
          david_lair_generic, dk_rats_in_the_wall, uniq_grum, uniq_joseph

Skill      XL: |  1  2  3  4  5  6  7  8  9 |
---------------+----------------------------+-----
Stealth        | 7 8 9 10 | 10.1
Dodging        | 3 4 5 |  5.6
Unarmed Combat | 3 4 5 |  5.5
Fighting       | 4 5 6 |  6.1
Hexes          | 2 3 4 6 |  6.3
Spellcasting   | 1 2 4 5 |  5.8

Action                   |  1- 3 |  4- 6 |  7- 9 | 10-12 || total
-------------------------+-------+-------+-------+-------++-------
Melee: Unarmed           |     5 |    50 |       |       ||    55
       Tentacles         |     2 |    39 |   104 |       ||   145
       Constrict         |     1 |    54 |    60 |     1 ||   116
       Punch             |       |     5 |    21 |       ||    26
       Dagger            |       |    76 |       |       ||    76
       Short sword       |       |    80 |   295 |    25 ||   400
Throw: Dart              |       |       |     3 |       ||     3
 Cast: Slow              |       |     3 |       |       ||     3
       Confusing Touch   |       |       |       |     1 ||     1
Evoke: Wand              |       |       |     5 |     1 ||     6
  Use: Scroll            |     1 |    20 |     6 |       ||    27
       Potion            |       |     3 |     5 |     7 ||    15
 Stab: Invisible         |       |     2 |       |       ||     2
       Sleeping          |       |    26 |     4 |       ||    30
       Distracted        |       |       |     1 |       ||     1
       Paralysed         |       |       |     5 |     1 ||     6
Armor: Skin              |       |    19 |    31 |    58 ||   108
Dodge: Dodged            |     4 |   114 |   198 |    11 ||   327
